 Dungeon Crawl Stone Soup version 0.31.0 (webtiles) character file.

Game seed: 13944297109504002503

521385 benadryl the Acrobat (level 24, -3/242 HPs)
             Began as a Minotaur Berserker on Jan 18, 2024.
             Was a High Priest of Trog.
             Succumbed to a golden dragon's poison gas
             ... on level 4 of the Depths on Jan 20, 2024.
             The game lasted 03:12:49 (64129 turns).

benadryl the Acrobat (Minotaur Berserker)          Turns: 64129, Time: 03:12:49

Health: -3/242     AC: 21    Str: 24    XL:     24   Next: 65%
Magic:  22/22      EV: 36    Int: 13    God:    Trog [*****.]
Gold:   1845       SH: 33    Dex: 26    Spells: 23/23 levels left

rFire   + + +        a - +5 demon blade (freeze)
rCold   + . .        P - +2 tower shield {rC+}
rNeg    + . .        T - +0 fire dragon scales
rPois   .            H - +2 hat
rElec   +            d - scarf {rC+ rF+}
rCorr   .            M - +0 pair of gloves
SInv    .            F - +0 pair of boots {Fly}
Will    ++...        Z - amulet "Xuzaral" {Reflect Dex+3 SH+5}
Stlth   +            S - ring "Yshrioto" {rElec rN+ Int+6}
HPRegen 0.60/turn    V - ring of Tiloelum {Will+ EV+5 Int+3 Dex+3 Stlth+}
MPRegen 0.18/turn

%: reflection
@: lethally poisoned (-3 -> -37), on berserk cooldown, flying, slowed, very slow
A: horns 2, retaliatory headbutt
}: 2/15 runes: barnacled, gossamer
a: Renounce Religion, Berserk, Trog's Hand, Brothers in Arms


You were on level 4 of the Depths.
You worshipped Trog.
Trog was extremely pleased with you.
You visited 8 branches of the dungeon, and saw 41 of its levels.
You visited the Abyss 1 time.
You also visited: Sewer, Gauntlet, Ice Cave, Volcano and Wizlab.

You collected 4373 gold pieces.
You spent 2528 gold pieces at shops.

Inventory:

Hand Weapons
 a - a +5 demon blade of freezing (weapon)
 b - the +8 scimitar "Sueroefa" {holy, Str+4}
   (You found it on level 5 of the Lair of Beasts)

   Str+4:     It affects your strength (+4).
 U - a +5 demon blade of flaming
Missiles
 q - 35 boomerangs
 r - 8 throwing nets
 N - 25 silver javelins (quivered)
Armour
 d - a scarf of resistance (worn)
 t - the +4 skin of Zhor {*Englaciate rC+++ SInv}
   (You found it in an ice cave)

   *Englaciate: It radiates cold, occasionally slowing all nearby creatures who
   are not resistant to cold.
   rC+++:     It renders you almost immune to cold.
   SInv:      It lets you see invisible.
 F - a +0 pair of boots of flying (worn)
 H - a +2 hat (worn)
 I - a +2 crystal plate armour
 M - a +0 pair of gloves (worn)
 P - a +2 tower shield of cold resistance (worn)
 T - +0 fire dragon scales (worn)
Jewellery
 n - the ring of Eternity {rElec rCorr AC+4 Int+6 Dex-3}
   (You acquired it on level 14 of the Dungeon)

   [ring of protection]

   AC+4:      It affects your AC (+4).
   Int+6:     It affects your intelligence (+6).
   Dex-3:     It affects your dexterity (-3).
   rElec:     It insulates you from electricity.
   rCorr:     It protects you from acid and corrosion.
 D - the ring "Gaowk" {rPois rF+ MP-9 Str+2}
   (You bought it in a shop on level 1 of the Depths)

   [ring of poison resistance]

   Str+2:     It affects your strength (+2).
   rF+:       It protects you from fire.
   rPois:     It protects you from poison MP-9: It affects your magic capacity
   (-9).
 S - the ring "Yshrioto" (left hand) {rElec rN+ Int+6}
   (You found it in a Gauntlet)

   [ring of intelligence]

   Int+6:     It affects your intelligence (+6).
   rElec:     It insulates you from electricity.
   rN+:       It protects you from negative energy.
 V - the ring of Tiloelum (right hand) {Will+ EV+5 Int+3 Dex+3 Stlth+}
   (You acquired it on level 2 of the Shoals)

   [ring of evasion]

   EV+5:      It affects your evasion (+5).
   Int+3:     It affects your intelligence (+3).
   Dex+3:     It affects your dexterity (+3).
   Will+:     It increases your willpower.
   Stlth+:    It makes you more stealthy.
 Z - the amulet "Xuzaral" (around neck) {Reflect Dex+3 SH+5}
   (You found it on level 5 of the Lair of Beasts)

   [amulet of reflection]

   Reflect:   It reflects blocked missile attacks.
   Dex+3:     It affects your dexterity (+3).
   SH+5:      It affects your SH (+5).
Wands
 i - a wand of roots (14)
 l - a wand of digging (15)
 v - a wand of charming (3)
 w - a wand of flame (80)
 O - a wand of light (8)
Scrolls
 g - 5 scrolls of teleportation
 k - a scroll of fear
 p - a scroll of vulnerability
 s - 3 scrolls of revelation
 y - a scroll of immolation
 z - a scroll of blinking
 A - 4 scrolls of silence
 B - 5 scrolls of poison
 E - 4 scrolls of fog
 G - a scroll of noise
 K - a scroll of butterflies
 Y - a scroll of torment
Potions
 c - 2 potions of invisibility
 e - a potion of resistance
 f - 6 potions of mutation
 h - 3 potions of curing {@q1}
 j - 10 potions of might
 m - 4 potions of haste
 o - a potion of cancellation
 u - 5 potions of enlightenment
 x - 7 potions of attraction
Miscellaneous
 J - a condenser vane
 L - a box of beasts
 Q - a phantom mirror
 R - a phial of floods
 W - a lightning rod (4/4)


   Skills:
 - Level 25.0 Fighting
 - Level 14.0 Long Blades
 - Level 4.4 Axes
 - Level 14.0 Throwing
 - Level 20.0 Armour
 + Level 25.2 Dodging
 - Level 22.0 Shields
 - Level 8.4 Evocations


You had 23 spell levels left.
You didn't know any spells.
Your spell library was empty.

Dungeon Overview and Level Annotations

Branches:
Dungeon (15/15)            Temple (0/1) D:4            Lair (5/5) D:9
 Shoals (4/4) Lair:3       Spider (4/4) Lair:3        Slime (0/5) Lair:4
    Orc (2/2) D:10            Elf (2/3) Orc:2        Vaults (5/5) D:13
  Crypt (0/3) Vaults:3     Depths (4/4) D:15          Sewer (visited)
  IceCv (visited)         Volcano (visited)          WizLab (visited)
Gauntlet (visited)
    Zot: Depths:4

Altars:
Cheibriados
Dithmenos
Elyvilon
Hepliaklqana
Kikubaaqudgha
Nemelex Xobeh
Qazlal
Ru
Uskayaw
Vehumet
Wu Jian
Xom
Zin
The Shining One
Jiyva

Shops:
D:2 ?   D:8 :   D:9 *   D:13 :   D:14 (   Orc:1 !   Orc:2 (?!(:   Vaults:1 *
Vaults:2 (   Vaults:3 *   Vaults:4 (   Vaults:5 *!   Depths:1 =:=

Portals:
Hell: Depths:1 Depths:2 Depths:3
Abyss: Depths:1 Depths:3 Depths:4
Pandemonium: Depths:2 Depths:4
Ziggurat: Depths:2

Annotations:
D:7 1 runed translucent door, brilapsti's ghost, novice DrMo
D:12 2 transporters, Cheops's ghost, journeyman FoFi
D:13 exclusion: downstairs
D:14 3 runed translucent doors, groovy9's ghost, adept GrBe
Lair:5 3 runed translucent doors, turdburglar's ghost, journeyman TrFi
Vaults:3 36 runed translucent doors
Depths:1 3 runed translucent doors, MysticSailboat's ghost, veteran TrFi
Depths:2 exclusion: daeva


Innate Abilities, Weirdness & Mutations

You have a pair of horns on your head.
You reflexively headbutt those who attack you in melee.


Message History

* * * LOW HITPOINT WARNING * * *
x2 You feel extremely sick.
The golden dragon bites you but does no damage.
You block the golden dragon's attack. x2
A red film seems to cover your vision as you go berserk!
You feel yourself moving faster!
You feel mighty!
You are engulfed in poison gas.
You are more poisoned.
* * * LOW HITPOINT WARNING * * *
You feel extremely sick.
You block the golden dragon's attack. x3
You completely miss the golden dragon.
The golden dragon is severely wounded.
* * * LOW HITPOINT WARNING * * *
You feel extremely sick.
You chop the golden dragon into pieces!!!
You freeze the golden dragon.
You kill the golden dragon!
Trog accepts your kill.
* * * LOW HITPOINT WARNING * * *
You feel very sick.
* * * LOW HITPOINT WARNING * * *
You feel extremely sick.
You are too berserk!
Unknown command.
You feel a strong urge to attack something.
* * * LOW HITPOINT WARNING * * *
You feel extremely sick.
Okay, then.
* * * LOW HITPOINT WARNING * * *
You feel extremely sick.
Unknown command.
There is a lethal amount of poison in your body!
You are too berserk!
You are too berserk!
You are too berserk!
You feel your anger nearly subside.
You are no longer berserk.
You are exhausted.
You feel yourself slow down.
You die...

... ..#.[)...###.### .#
#.#(####.# #...#
#.#.#..#^# ###.#
#...#.∩..# #.#
#.###.....§### #.#
#......##~~#######.#
#####..#.).†......∩#
####~~..~.~~~[#....###..
........~...~≈~@........
...~≈~~.~)~~≈~.......##.
...~≈~....≈~~~.......#
..........<.............
...##~~~~~~≈[~..........
............~≈~######...
.....##~≈~~.~≈≈# ...
..... ##≈≈~.~~#.... ^.
#.... ##≈~.~##....


There were no monsters in sight!

Vanquished Creatures
  3 dread liches
  An ancient lich (Vaults:5)
  Sojobo (Vaults:5)
  Boris (thrice) (Vaults:3 Depths:2)
  Margery (Depths:1)
  4 golden dragons
  A bone dragon (Abyss:1)
  A hellephant (Depths:1)
  3 tentacled monstrosities
  Asterion (Spider:2)
  2 liches
  3 deep elf master archers (Depths:2)
  2 titans (Vaults:4)
  A quicksilver dragon (Vaults:5)
  11 sphinxes
  A walking divine tome (Depths:3)
  Polyphemus (Shoals:2)
  3 tengu reavers
  4 storm dragons (Vaults:4)
  Aizul (Spider:3)
  Donald (Shoals:3)
  2 shadow dragons
  A draconian knight (Depths:4)
  A draconian monk (Depths:4)
  4 emperor scorpions
  A fire giant (Depths:2)
  3 frost giants
  A deep elf sorcerer (Elf:1)
  Louise (Elf:1)
  An iron dragon (Depths:3)
  An angel (Shoals:4)
  3 ghost moths
  12 vault wardens
  A cacodemon (Abyss:1)
  A draconian annihilator (Depths:4)
  12 stone giants
  4 broodmothers
  2 spriggan defenders (Depths:3)
  12 very ugly things
  23 ironbound preservers
  4 orc warlords
  11 ironbound thunderhulks
  A formless jellyfish (Vaults:3)
  A caustic shrike skeleton (Depths:1)
  3 green draconians
  3 deep elf demonologists
  A deep elf death mage (Vaults:4)
  4 vampire knights
  7 war gargoyles
  A deep elf annihilator (Elf:1)
  3 spark wasps
  22 dire elephants
  2 red draconians (Depths:4)
  Azrael (D:14)
  An orange crystal statue (WizLab)
  A minotaur (Gauntlet)
  Snorg (Orc:1)
  8 merfolk javelineers (Shoals:4)
  5 fire dragons
  2 crystal guardians
  7 ettins
  9 merfolk impalers
  3 deep elf high priests
  11 yaktaur captains
  5 entropy weavers
  Harold (Lair:1)
  5 great orbs of eyes
  A catoblepas (Gauntlet)
  5 peacekeepers
  2 rakshasas
  32 vault guards
  2 caustic shrike simulacra (IceCv)
  6 ice dragons
  9 centaur warriors
  3 spriggan air magi
  9 boulder beetles
  6 ironbound frosthearts
  A hydra (Lair:5)
  2 ogre magi (Orc:2)
  A merfolk avatar (Shoals:4)
  A radroach (Spider:3)
  4 merfolk aquamancers (Shoals:4)
  2 alligator snapping turtles
  14 dancing weapons
  3 two-headed ogres
  A sphinx skeleton (Depths:1)
  A death knight (D:14)
  A satyr (Shoals:3)
  4 tengu warriors
  3 death yaks
  6 deep troll earth magi
  5 deep troll shamans
  3 demonic crawlers
  A two-headed ogre (shapeshifter) (Vaults:4)
  A vampire mage (Depths:3)
  A thrashing horror (Abyss:1)
  3 occultists
  3 orc high priests
  4 spriggan berserkers (Depths:3)
  9 deep elf knights
  A skeletal warrior (D:14)
  7 iron trolls
  A storm dragon zombie (Vaults:4)
  6 hell knights
  A salamander mystic (Depths:2)
  Nergalle (Orc:2)
  2 wretched stars (Abyss:1)
  2 shadow wraiths
  2 skysharks
  4 pharaoh ants
  8 orb spiders
  2 glowing orange brains
  62 deep trolls
  3 arcanists
  2 bog bodies (IceCv)
  6 sea snakes
  3 cherubim (Shoals:4)
  9 lindwurms
  3 spriggan simulacra
  4 flayed ghosts
  An obsidian statue (IceCv)
  A phantasmal warrior (D:14)
  4 sun moths
  15 orc knights
  12 harpies
  14 ironbound convokers
  12 deep elf archers
  21 deep elf pyromancers
  7 necromancers
  Pikel (D:8)
  9 steelbarb worms
  15 deep elf zephyrmancers
  11 orc sorcerers
  14 wolf spiders
  A frost giant zombie (Depths:1)
  A golden dragon skeleton (Depths:1)
  16 ugly things
  6 fauns
  An oklob plant (Shoals:1)
  12 manticores
  A shadow dragon skeleton (Depths:1)
  12 cyclopes
  A tengu skeleton (Vaults:4)
  3 large abominations (Abyss:1)
  3 salamanders (Depths:3)
  A kobold blastminer (Orc:2)
  A meliai (shapeshifter) (Elf:2)
  An iron dragon skeleton (Depths:1)
  Maurice (D:10)
  3 meliai (Spider:3)
  8 elephants (Lair:3)
  7 merfolk sirens
  5 centaur zombies (D:12)
  5 water nymphs
  An eye of devastation (shapeshifter) (Depths:3)
  3 gargoyles
  A black mamba (Lair:5)
  20 vault sentinels
  2 molten gargoyles (Volcano)
  25 cane toads
  A storm dragon simulacrum (Depths:1)
  A smoke demon (Abyss:1)
  3 efreet
  An unseen horror (D:10)
  3 torpor snails
  24 yaktaurs
  A spriggan zombie (Depths:1)
  3 rime drakes (Lair:1)
  15 freezing wraiths
  2 kobold demonologists
  10 komodo dragons
  An anaconda simulacrum (IceCv)
  A human skeleton (Vaults:4)
  3 golden dragon simulacra
  An elf skeleton (Vaults:4)
  5 tengu conjurers
  3 ice devils (IceCv)
  20 merfolk
  3 polar bears (Lair:4)
  5 trolls
  30 tarantellas
  A hellwing (Abyss:1)
  6 hornets
  2 alligator simulacra (IceCv)
  6 wind drakes
  Prince Ribbit (Lair:1)
  A tyrant leech (Lair:5)
  19 blink frogs
  6 snapping turtles
  8 dream sheep
  A spriggan skeleton (Depths:1)
  22 culicivoras
  3 spriggans (Depths:3)
  A shadow (D:12)
  24 jumping spiders
  26 slime creatures
  A fire giant simulacrum (Depths:1)
  6 vampires
  16 water elementals
  An air elemental (Elf:2)
  56 yaks
  3 dire elephant simulacra (IceCv)
  9 wraiths
  10 fire bats
  5 wyverns
  5 steam dragons
  3 basilisks
  8 fire elementals
  2 wargs (Orc:2)
  A neqoxec (Gauntlet)
  A minotaur simulacrum (IceCv)
  35 redbacks
  10 vampire mosquitoes
  2 chaos spawn
  4 harpy simulacra (IceCv)
  5 small abominations (Abyss:1)
  2 acid dragons
  A hydra simulacrum (IceCv)
  12 water moccasins
  Pargi (Sewer)
  2 hell hounds (D:14)
  A sky beast (D:6)
  2 black bears
  24 orc warriors
  3 ettin simulacra
  2 ice beasts (D:8)
  13 ogres
  12 wolves
  4 boggarts (Vaults:1)
  7 centaurs
  2 lemures (D:8)
  A phantom (D:6)
  A kobold brigand (D:12)
  A human zombie (Vaults:4)
  A brain worm (Sewer)
  16 bullfrogs
  4 gnoll sergeants
  3 earth elementals
  5 scorpions
  12 wights
  3 lindwurm simulacra (IceCv)
  10 killer bees
  11 electric eels
  5 bombardier beetles
  5 lava snakes
  A hound (D:6)
  A gnoll bouda (D:5)
  15 orc priests
  4 jellies
  A sleepcap (D:5)
  An iron imp (Abyss:1)
  Terence (D:2)
  5 iguanas
  44 orc wizards
  11 hell rats
  18 gnolls
  5 adders
  A white imp (D:7)
  2 ufetubi (D:5)
  3 ribbon worms
  4 dart slugs
  75 orcs
  3 ball pythons
  3 endoplasms (D:2)
  3 giant cockroaches
  8 goblins
  5 hobgoblins
  4 jackals (D:1)
  12 kobolds
  A quokka (D:2)
  6 bats
  9 frilled lizards
  2 rats (D:1)
1674 creatures vanquished.

Vanquished Creatures (collateral kills)
  Arachne (Spider:3)
  3 tentacled monstrosities
  A titan (Vaults:5)
  2 sphinxes
  A storm dragon (Vaults:5)
  2 fire giants
  2 emperor scorpions (Spider:4)
  6 vault wardens
  2 ghost moths (Spider:4)
  2 stone giants (Vaults:3)
  5 ironbound preservers
  2 ironbound thunderhulks
  A war gargoyle (Vaults:5)
  A deep elf demonologist (Vaults:3)
  A red draconian (Depths:4)
  A deep elf annihilator (Vaults:5)
  A white draconian (Depths:4)
  An ettin (Vaults:5)
  2 merfolk javelineers (Shoals:4)
  3 merfolk impalers (Shoals:4)
  Josephine (Lair:5)
  An entropy weaver (Spider:2)
  4 vault guards
  A merfolk avatar (Shoals:1)
  A caustic shrike simulacrum (IceCv)
  2 ogre magi
  A hydra (Lair:5)
  An ironbound frostheart (Vaults:4)
  A catoblepas (Shoals:2)
  2 merfolk aquamancers (Shoals:1)
  A deep troll shaman (Depths:4)
  3 death yaks
  A hell knight (Depths:1)
  3 deep trolls (Vaults:3)
  An orc knight (Vaults:4)
  An orb spider (Spider:3)
  A bog body (IceCv)
  A steelbarb worm (Spider:3)
  An ironbound convoker (Vaults:2)
  2 manticores
  A cyclops (Shoals:4)
  A faun (Shoals:1)
  3 merfolk sirens
  A kobold blastminer (Orc:2)
  A water nymph (Shoals:4)
  A cane toad (Lair:5)
  A freezing wraith (IceCv)
  2 anaconda simulacra (IceCv)
  2 merfolk
  A hellwing (Gauntlet)
  A hornet (Spider:4)
  A tyrant leech (Lair:5)
  A blink frog (Lair:5)
  A snapping turtle (Shoals:2)
  2 jumping spiders (Spider:4)
  A wraith (Lair:5)
  A culicivora (Spider:4)
  6 water elementals (Shoals:1)
  2 dire elephant simulacra (IceCv)
  A harpy simulacrum (IceCv)
  A water moccasin (Lair:5)
  An orc warrior (Orc:2)
  3 ogres
  An orc priest (D:11)
  An orc wizard (Orc:2)
  3 orcs
111 creatures vanquished.

Vanquished Creatures (others)
  A vault warden (Vaults:2)
  An ironbound thunderhulk (Vaults:2)
  A dire elephant (Vaults:4)
  An ettin (Vaults:3)
  A centaur warrior (Vaults:2)
  3 deep elf knights (Elf:1)
  An orb spider (Spider:4)
  3 deep trolls
  An orc knight (Vaults:2)
  A deep elf zephyrmancer (Elf:1)
  A manticore (Shoals:2)
  A water elemental (Depths:1)
  5 starspawn tentacles (Abyss:1)
21 creatures vanquished.

Grand Total: 1806 creatures vanquished

Notes
Turn   | Place    | Note
-------+----------+-------------------------------------------
     0 | D:1      | benadryl the Minotaur Berserker began the quest for the
                  | Orb.
     0 | D:1      | Reached XP level 1. HP: 19/19 MP: 0/0
   105 | D:1      | Reached XP level 2. HP: 22/27 MP: 1/1
   752 | D:2      | Reached ** piety under Trog
   787 | D:2      | Found a faded altar of an unknown god.
   802 | D:2      | Reached skill level 1 in Long Blades
   802 | D:2      | Reached XP level 3. HP: 33/33 MP: 2/2
   876 | D:2      | Noticed Terence
   884 | D:2      | Killed Terence
  1014 | D:2      | Found Himuriuh's Magic Scroll Emporium.
  1277 | D:3      | Reached XP level 4. HP: 40/40 MP: 3/3
  2067 | D:4      | Reached XP level 5. HP: 37/46 MP: 4/4
  2077 | D:4      | Noticed a black bear
  2085 | D:4      | Killed a black bear
  2109 | D:4      | Reached XP level 6. HP: 53/53 MP: 5/5
  2722 | D:4      | Found a staircase to the Ecumenical Temple.
  2920 | D:5      | Entered Level 5 of the Dungeon
  3149 | D:5      | Reached skill level 5 in Fighting
  3173 | D:5      | Reached XP level 7. HP: 61/61 MP: 6/6
  3228 | D:5      | Reached *** piety under Trog
  3230 | D:5      | Found a snail-covered altar of Cheibriados.
  3922 | D:6      | Found a glowing drain.
  3926 | D:6      | Reached XP level 8. HP: 71/71 MP: 7/7
  3958 | Sewer    | Entered a sewer
  3963 | Sewer    | Noticed Pargi
  3969 | Sewer    | Killed Pargi
  3970 | Sewer    | Reached skill level 10 in Long Blades
  4245 | D:6      | Found a faded altar of an unknown god.
  4245 | D:6      | Found a hazy altar of Hepliaklqana.
  4258 | D:6      | Reached **** piety under Trog
  4260 | D:6      | Found a faded altar of an unknown god.
  4605 | D:6      | Found a shimmering altar of Xom.
  4704 | D:6      | Reached XP level 9. HP: 74/82 MP: 8/8
  4938 | D:7      | Reached skill level 10 in Fighting
  5013 | D:7      | Found a runed translucent door.
  5023 | D:7      | Found a shimmering altar of Xom.
  5023 | D:7      | Noticed brilapsti's ghost (novice DrMo)
  5023 | D:7      | Noticed a +1 mace of chaos
  5035 | D:7      | Found a sparkling altar of Nemelex Xobeh.
  5104 | D:7      | Reached skill level 5 in Armour
  5586 | D:8      | Found Adghagiu's Book Shop.
  6039 | D:8      | Reached skill level 1 in Shields
  6119 | D:8      | Noticed Pikel
  6120 | D:8      | Found a glowing golden altar of the Shining One.
  6149 | D:8      | Killed Pikel
  6150 | D:8      | Reached XP level 10. HP: 66/93 MP: 9/9
  6244 | D:8      | Reached skill level 5 in Shields
  6260 | D:8      | Reached ***** piety under Trog
  6525 | D:9      | Found a staircase to the Lair.
  7006 | D:9      | Found Tykud's Island Escapes.
  7142 | D:9      | Found a sacrificial altar of Ru.
  7142 | D:9      | Found a stormy altar of Qazlal.
  7194 | D:9      | Found a shadowy altar of Dithmenos.
  7506 | D:9      | Reached skill level 10 in Shields
  7645 | D:10     | Entered Level 10 of the Dungeon
  7843 | D:10     | Identified the +0 chain mail of the Shoals {Dex+6}
  7858 | D:10     | Found an ornate altar of the Wu Jian Council.
  7944 | D:10     | Reached skill level 5 in Dodging
  8081 | D:10     | Reached XP level 11. HP: 99/99 MP: 10/10
  8143 | D:10     | Found a staircase to the Orcish Mines.
  8343 | D:10     | Noticed Maurice
  8351 | D:10     | Maurice stole an amulet of guardian spirit
  8362 | D:10     | Killed Maurice
  8814 | D:11     | Noticed a boulder beetle
  8836 | D:11     | Killed a boulder beetle
  8915 | D:11     | Noticed a two-headed ogre
  8921 | D:11     | Killed a two-headed ogre
  9088 | D:11     | Reached skill level 10 in Dodging
  9376 | Lair:1   | Entered Level 1 of the Lair of Beasts
  9525 | Lair:1   | Received a gift from Trog
  9560 | Lair:1   | Noticed Harold
  9588 | Lair:1   | Killed Harold
  9598 | Lair:1   | Noticed Prince Ribbit
  9612 | Lair:1   | Killed Prince Ribbit
  9620 | Lair:1   | Reached XP level 12. HP: 104/106 MP: 11/11
  9952 | Lair:1   | Reached skill level 1 in Evocations
 10366 | Lair:2   | Found a gate leading to a gauntlet.
 10456 | Gauntlet | Entered a Gauntlet
 10456 | Gauntlet | Found a transporter.
 10456 | Gauntlet | Found a transporter.
 10456 | Gauntlet | Found a transporter.
 10457 | Gauntlet | Found a transporter.
 10458 | Gauntlet | Found a transporter.
 10461 | Gauntlet | Found a transporter.
 10463 | Gauntlet | Noticed a catoblepas
 10476 | Gauntlet | Found a transporter.
 10477 | Gauntlet | Found a transporter.
 10479 | Gauntlet | Found a transporter.
 10481 | Gauntlet | Found a transporter.
 10484 | Gauntlet | Noticed a reaper
 10487 | Gauntlet | Found a transporter.
 10488 | Gauntlet | Found a transporter.
 10488 | Gauntlet | Noticed a quicksilver ooze
 10735 | Gauntlet | Killed a catoblepas
 10736 | Gauntlet | Reached skill level 5 in Evocations
 10770 | Gauntlet | Identified the ring "Sagoen" {rF- rCorr Int+3 Stlth+}
 10824 | Gauntlet | Identified the +1 broad axe "Lizxuo" {freeze, *Corrode
                  | rPois Int+6}
 10824 | Gauntlet | Noticed a minotaur
 10844 | Gauntlet | Killed a minotaur
 10911 | Gauntlet | Identified the ring "Yshrioto" {rElec rN+ Int+6}
 11846 | Lair:3   | Reached skill level 1 in Throwing
 11967 | Lair:3   | Reached XP level 13. HP: 116/116 MP: 12/12
 12093 | Lair:3   | Found a staircase to the Shoals.
 12277 | Lair:3   | Found a hole to the Spider Nest.
 12295 | Lair:3   | Reached skill level 5 in Throwing
 12957 | Lair:4   | Found a staircase to the Slime Pits.
 12957 | Lair:4   | Found a viscous altar of Jiyva.
 13208 | Lair:4   | Identified the +8 falchion "Lodd" {flame, rF++ Will-} (Trog
                  | gifted it to you on level 4 of the Lair of Beasts)
 13208 | Lair:4   | Received a gift from Trog
 13527 | Lair:5   | Entered Level 5 of the Lair of Beasts
 13867 | Lair:5   | Noticed Josephine
 13894 | Lair:5   | Killed Josephine
 13897 | Lair:5   | Reached skill level 15 in Fighting
 14054 | Lair:5   | Reached XP level 14. HP: 128/136 MP: 13/13
 14093 | Lair:5   | Found a dark tunnel.
 14102 | Volcano  | Entered a volcano
 14191 | Volcano  | Found a bloodstained altar of Trog.
 14223 | Volcano  | Noticed a stone giant
 14241 | Volcano  | Killed a stone giant
 14416 | Lair:5   | Found a runed translucent gate.
 14416 | Lair:5   | Found a runed translucent gate.
 14416 | Lair:5   | Found a runed translucent gate.
 14420 | Lair:5   | Noticed turdburglar's ghost (journeyman TrFi)
 14634 | Lair:5   | Identified the +8 scimitar "Sueroefa" {holy, Str+4}
 14638 | Lair:5   | Identified the amulet "Xuzaral" {Reflect Dex+3 SH+5}
 15739 | D:12     | Received a gift from Trog
 16115 | D:12     | Found a transporter.
 16116 | D:12     | Noticed Cheops's ghost (journeyman FoFi)
 16311 | D:12     | Found a transporter.
 16892 | D:13     | Found a hide-covered altar of Uskayaw.
 17005 | D:13     | Found Diqo Cuw's Book Shoppe.
 17356 | D:13     | Found a gate to the Vaults.
 17364 | D:13     | Noticed an ironbound preserver
 17372 | D:13     | Killed an ironbound preserver
 17511 | D:14     | Found Wudu's Magic Scroll Shop.
 17511 | D:14     | Found Huof's Antique Weapon Shop.
 17778 | D:14     | Reached skill level 15 in Shields
 18099 | D:14     | Noticed Azrael
 18368 | Shoals:1 | Entered Level 1 of the Shoals
 18406 | Shoals:1 | Found a glowing silver altar of Zin.
 18906 | Orc:1    | Entered Level 1 of the Orcish Mines
 19040 | Orc:1    | Found Fyaplah's Distillery.
 19237 | Orc:2    | Entered Level 2 of the Orcish Mines
 19383 | Orc:1    | Noticed Snorg
 19401 | Orc:1    | Killed Snorg
 19402 | Orc:1    | Reached XP level 15. HP: 140/144 MP: 14/14
 19807 | Orc:2    | Found Vijucrurr's Weapon Shoppe.
 19843 | Orc:2    | Found a staircase to the Elven Halls.
 19961 | Orc:2    | Reached ****** piety under Trog
 20026 | Orc:2    | Found a radiant altar of Vehumet.
 20061 | Orc:2    | Found Veubb's Book Boutique.
 20064 | Orc:2    | Noticed Nergalle
 20067 | Orc:2    | Received a gift from Trog
 20069 | Orc:2    | Killed Nergalle
 20086 | Orc:2    | Found an ancient bone altar of Kikubaaqudgha.
 20132 | Orc:2    | Found Otouniko's Magic Scroll Shop.
 20157 | Orc:2    | Found Tiome's Antique Weapon Shop.
 20176 | Orc:2    | Bought a scroll of butterflies for 40 gold pieces
 20202 | Orc:2    | Found Urauceer's Distillery.
 20210 | Orc:2    | Bought a potion of experience for 700 gold pieces
 20210 | Orc:2    | Reached XP level 16. HP: 151/151 MP: 15/15
 20358 | Orc:2    | Bought a potion of heal wounds for 70 gold pieces
 20358 | Orc:2    | Bought a potion of heal wounds for 70 gold pieces
 21838 | Shoals:2 | Reached skill level 15 in Dodging
 22826 | Shoals:2 | Identified a scroll of acquirement
 22827 | Shoals:2 | Acquired the ring of Tiloelum {Will+ EV+5 Int+3 Dex+3
                  | Stlth+}
 23363 | Shoals:2 | Noticed Polyphemus
 23403 | Shoals:2 | Identified the +3 hand axe "Goblinbane" {flame, +Blink rN++
                  | rCorr Str-5} (Trog gifted it to you on level 2 of the
                  | Shoals)
 23403 | Shoals:2 | Received a gift from Trog
 23424 | Shoals:2 | Killed Polyphemus
 23791 | Shoals:3 | Noticed Donald
 23810 | Shoals:3 | Killed Donald
 24081 | Shoals:3 | Found a glacial archway.
 24085 | IceCv    | Entered an ice cave
 24173 | IceCv    | Reached XP level 17. HP: 161/161 MP: 16/16
 24546 | IceCv    | Reached skill level 10 in Armour
 24884 | IceCv    | Found an ancient bone altar of Kikubaaqudgha.
 24891 | IceCv    | Received a gift from Trog
 25152 | IceCv    | Noticed a lich
 25156 | IceCv    | Killed a lich
 25201 | IceCv    | Found the +4 skin of Zhor {*Englaciate rC+++ SInv}
 25441 | Shoals:4 | Entered Level 4 of the Shoals
 25615 | Shoals:4 | Found a glowing golden altar of the Shining One.
 26451 | Shoals:4 | Found a white marble altar of Elyvilon.
 27689 | Shoals:4 | Found a glowing silver altar of Zin.
 27746 | Shoals:4 | Got a barnacled rune of Zot
 28532 | D:14     | Killed Azrael
 28547 | D:14     | Acquired the ring of Eternity {rElec rCorr AC+4 Int+6
                  | Dex-3}
 28564 | D:14     | Found a runed translucent gate.
 28565 | D:14     | Found a runed translucent gate.
 28566 | D:14     | Found a runed translucent gate.
 28570 | D:14     | Noticed groovy9's ghost (adept GrBe)
 28804 | D:14     | Reached skill level 10 in Throwing
 28811 | D:14     | Received a gift from Trog
 28969 | D:15     | Entered Level 15 of the Dungeon
 29094 | D:15     | Found a staircase to the Depths.
 29111 | D:15     | Reached XP level 18. HP: 169/169 MP: 17/17
 29676 | Spider:1 | Entered Level 1 of the Spider Nest
 31263 | Spider:2 | Received a gift from Trog
 31771 | Spider:3 | Noticed Asterion
 32579 | Spider:2 | Killed Asterion
 32772 | Spider:2 | Upgraded the game from 0.31-b1-22-gc680215f68 to 0.31.0
 32806 | Spider:3 | Identified the +0 long sword of the Several Geomancers
                  | {venom, ^Fragile rN+ Str+3}
 33094 | Spider:3 | Identified the serpent talisman of Hyfausm {rN+ Str-3
                  | Int+4}
 33094 | Spider:3 | Noticed Aizul
 33108 | Spider:3 | Killed Aizul
 33168 | Spider:3 | Noticed Arachne
 33242 | Spider:3 | Killed Arachne
 33257 | Spider:3 | Identified the +3 rapier of Plague {drain, Str+3}
 34039 | Spider:4 | Entered Level 4 of the Spider Nest
 35985 | Spider:3 | Lost intelligence.
 37032 | Spider:4 | Identified the +7 battleaxe of Fee Simple {freeze, Str+6
                  | Int+3 Dex-5}
 37045 | Spider:4 | Identified the +0 chain mail of the Stone Wall {Str+2}
 37612 | Spider:4 | Reached XP level 19. HP: 114/184 MP: 0/18
 37782 | Spider:4 | Got a gossamer rune of Zot
 38069 | Vaults:1 | Entered Level 1 of the Vaults
 38180 | Vaults:1 | Found Unulaydghu's General Store.
 38188 | Vaults:1 | Bought a potion of enlightenment for 110 gold pieces
 38188 | Vaults:1 | Bought a potion of haste for 220 gold pieces
 39444 | Vaults:1 | You are sucked into a shaft and drop 1 floor!
 39842 | Vaults:1 | Received a gift from Trog
 42648 | Vaults:2 | Noticed a golden dragon
 42659 | Vaults:2 | Killed a golden dragon
 43176 | Vaults:2 | Found Kodizxir's Antique Weapon Emporium.
 43725 | Vaults:2 | Reached XP level 20. HP: 188/193 MP: 19/19
 44389 | Vaults:3 | Received a gift from Trog
 44717 | Vaults:3 | Reached skill level 15 in Armour
 45197 | Vaults:3 | Found Ruoskis's Assorted Antiques.
 45264 | Vaults:3 | Bought a potion of invisibility for 272 gold pieces
 45264 | Vaults:3 | Bought a scroll of teleportation for 102 gold pieces
 45278 | Vaults:3 | Noticed Boris
 45314 | Vaults:3 | Killed Boris
 45916 | Vaults:3 | Found a huge runed translucent gate.
 45916 | Vaults:3 | Found a huge runed translucent gate.
 45916 | Vaults:3 | Found a huge runed translucent gate.
 45917 | Vaults:3 | Found a huge runed translucent gate.
 45918 | Vaults:3 | Found a huge runed translucent gate.
 45918 | Vaults:3 | Found a huge runed translucent gate.
 45919 | Vaults:3 | Found a huge runed translucent gate.
 45919 | Vaults:3 | Found a huge runed translucent gate.
 45920 | Vaults:3 | Found a huge runed translucent gate.
 45920 | Vaults:3 | Found a huge runed translucent gate.
 45920 | Vaults:3 | Found a huge runed translucent gate.
 45920 | Vaults:3 | Found a huge runed translucent gate.
 45920 | Vaults:3 | Found a huge runed translucent gate.
 45921 | Vaults:3 | Found a huge runed translucent gate.
 45921 | Vaults:3 | Found a huge runed translucent gate.
 45926 | Vaults:3 | Found a huge runed translucent gate.
 45927 | Vaults:3 | Found a huge runed translucent gate.
 45927 | Vaults:3 | Found a huge runed translucent gate.
 45927 | Vaults:3 | Found a huge runed translucent gate.
 45927 | Vaults:3 | Found a huge runed translucent gate.
 45929 | Vaults:3 | Found a huge runed translucent gate.
 45930 | Vaults:3 | Found a huge runed translucent gate.
 45931 | Vaults:3 | Found a huge runed translucent gate.
 45931 | Vaults:3 | Found a huge runed translucent gate.
 45936 | Vaults:3 | Found a huge runed translucent gate.
 45937 | Vaults:3 | Found a huge runed translucent gate.
 45937 | Vaults:3 | Found a huge runed translucent gate.
 45937 | Vaults:3 | Found a huge runed translucent gate.
 45937 | Vaults:3 | Found a huge runed translucent gate.
 45939 | Vaults:3 | Found a huge runed translucent gate.
 45940 | Vaults:3 | Found a huge runed translucent gate.
 45941 | Vaults:3 | Found a huge runed translucent gate.
 45941 | Vaults:3 | Found a huge runed translucent gate.
 45946 | Vaults:3 | Found a huge runed translucent gate.
 45947 | Vaults:3 | Found a huge runed translucent gate.
 45947 | Vaults:3 | Found a huge runed translucent gate.
 45971 | Vaults:3 | Found a staircase to the Crypt.
 46112 | Vaults:3 | Noticed a dread lich
 46378 | Vaults:3 | Killed a dread lich
 46383 | Vaults:3 | Received a gift from Trog
 46945 | Vaults:4 | Reached XP level 21. HP: 142/201 MP: 20/20
 47477 | Vaults:4 | Noticed Boris
 47501 | Vaults:3 | Killed Boris
 47836 | Vaults:3 | Received a gift from Trog
 48896 | Vaults:4 | Received a gift from Trog
 49143 | Vaults:4 | Found Duikas's Antique Weapon Boutique.
 49728 | Elf:1    | Entered Level 1 of the Elven Halls
 49787 | Elf:1    | Noticed Louise
 50188 | Elf:1    | Killed Louise
 50189 | Elf:1    | Identified the +2 robe of Xom's Brutal Revenge {Rampage rF-
                  | rC+++ Will-}
 50779 | Elf:1    | Received a gift from Trog
 51863 | Elf:2    | Received a gift from Trog
 51896 | Elf:2    | Paralysed by an air elemental for 1 turns
 52316 | Elf:2    | Found a magical portal.
 52343 | WizLab   | Entered Wucad Mu's Monastery
 52719 | WizLab   | Found the crystal ball of Wucad Mu {*channel}
 52925 | Elf:2    | Identified the +4 scale mail "Nurchory" {rF+}
 53037 | Elf:2    | Reached XP level 22. HP: 209/209 MP: 21/21
 53345 | Vaults:5 | Entered Level 5 of the Vaults
 53358 | Vaults:5 | Reached XP level 23. HP: 78/216 MP: 22/22
 53850 | Vaults:5 | Noticed Sojobo
 54065 | Vaults:5 | Paralysed by an air elemental for 1 turns
 54429 | Vaults:5 | Paralysed by an air elemental for 1 turns
 54962 | Vaults:5 | Noticed a dread lich
 54969 | Vaults:5 | Found Biawaena's Distillery.
 54983 | Vaults:5 | Bought a potion of heal wounds for 60 gold pieces
 54983 | Vaults:5 | Bought a potion of haste for 120 gold pieces
 54983 | Vaults:5 | Bought a potion of heal wounds for 60 gold pieces
 54999 | Vaults:5 | Noticed an ancient lich
 55000 | Vaults:5 | HP: 5/209 [titan (23)]
 55012 | Vaults:5 | Killed an ancient lich
 55069 | Vaults:5 | Bought 2 potions of invisibility for 192 gold pieces
 55069 | Vaults:5 | Bought a potion of curing for 36 gold pieces
 55069 | Vaults:5 | Bought a potion of resistance for 120 gold pieces
 55069 | Vaults:5 | Bought a potion of curing for 36 gold pieces
 55290 | Vaults:5 | Killed Sojobo
 55308 | Vaults:5 | Found Hoetsaff's General Store.
 55312 | Vaults:5 | Paralysed by a sphinx for 2 turns
 56449 | Vaults:4 | Killed a dread lich
 56985 | Depths:1 | Entered Level 1 of the Depths
 56994 | Depths:1 | Found a one-way gate to the infinite horrors of the Abyss.
 57002 | Depths:1 | Voluntarily entered the Abyss.
 57147 | Abyss:1  | Noticed a dread lich
 57171 | Abyss:1  | Killed a dread lich
 57416 | Depths:1 | Escaped the Abyss
 58088 | Depths:1 | Received a gift from Trog
 58161 | Depths:1 | Found a runed translucent gate.
 58163 | Depths:1 | Found a runed translucent gate.
 58165 | Depths:1 | Found a runed translucent gate.
 58166 | Depths:1 | Noticed MysticSailboat's ghost (veteran TrFi)
 58333 | Depths:1 | Found Cautuxil's Jewellery Shop.
 58333 | Depths:1 | Found Tiypiqew's Book Shoppe.
 58334 | Depths:1 | Found Vynynoid's Jewellery Shop.
 58348 | Depths:1 | Bought the ring "Gaowk" {rPois rF+ MP-9 Str+2} for 320 gold
                  | pieces
 58469 | Depths:1 | Found a gateway to Hell.
 58469 | Depths:1 | Noticed Margery
 58487 | Depths:1 | Killed Margery
 59474 | Depths:2 | Reached XP level 24. HP: 231/231 MP: 22/22
 59669 | Depths:2 | Found a one-way gate leading to the halls of Pandemonium.
 60048 | Depths:2 | Found a one-way gateway to a ziggurat.
 61008 | Depths:3 | Received a gift from Trog
 61535 | Depths:3 | Noticed Boris
 61549 | Depths:2 | Killed Boris
 62600 | Depths:3 | Identified the +1 war axe "Oxteg" {freeze, rElec rC- Int+2}
 62756 | Depths:4 | Entered Level 4 of the Depths
 62784 | Depths:4 | Received a gift from Trog
 64126 | Depths:4 | HP: 17/363 [poisoned by a golden dragon (poison gas)]
 64128 | Depths:4 | HP: 2/363 [poisoned by a golden dragon (poison gas)]
 64129 | Depths:4 | Succumbed to a golden dragon's poison gas

Illustrated notes

Levels and vault maps discovered:
D:1:      tarquinn_simple_flora_water_a, layout_basic
D:2:      layout_rooms, serial_shops, nicolae_shop_rolled_up,
          shapermc_ecumenical_altar_notcrosses, minivault_23, uniq_terence
D:3:      layout_basic, grunt_decor_one_mirror, minmay_quantized
D:4:      layout_basic, minmay_temple_entry_junction_2
D:5:      layout_basic, cheibriados_altar_1, nicolae_grassy_gnolls
D:6:      layout_rooms, nicolae_hepliaklqana_ecumenical_no_more,
          kennysheep_little_box, cheibrodos_sewer_entry_sluice,
          minmay_lizard_king
D:7:      layout_cave_pools, nemelex_xobeh_ov_fountains_minmay,
          ebering_ghost_xom
D:8:      layout_loops_ring, tso_metal_star, serial_shops,
          nicolae_book_shop_shelving, due_unseen_surprise, uniq_pikel
D:9:      layout_loops_cross, nicolae_dithmenos_shadow_blocks,
          nicolae_overflow_two_pavilions, erik_lair_orcish_takeover,
          serial_bayou, serial_bayou_lake_a, serial_bayou_pond_c,
          serial_bayou_lagoon_b, serial_bayou_pond_c, minivault_25,
          nicolae_island_escapes
D:10:     wander_river, layout_loops_ring, mainiacjoe_overflow_tiny_flanked,
          orc_0_dummy, uniq_maurice
D:11:     layout_irregular_city
D:12:     layout_long_grid, serial_undead, serial_undead_d, serial_undead_f,
          serial_undead_b, serial_undead_d, gammafunk_ghost_smash
D:13:     layout_loops_corners, hellmonk_vaults_order_and_chaos, serial_shops,
          nicolae_shop_gibbet_a_chance, dancing_weapons_uskayaw
D:14:     layout_basic, gammafunk_ghost_spectres, serial_bayou_shore_b,
          nicolae_shop_distant_corner_stores, uniq_azrael
D:15:     hangedman_depths_entry_civil_slaughter, layout_rooms,
          serial_library_regret_index_small_wings
Lair:1:   layout_loops_ring, uniq_prince_ribbit2, uniq_harold
Lair:2:   layout_misc_corridors, gauntlet_entry_generic
Lair:3:   layout_long_grid, mainiacjoe_shoals_entry_four_pools,
          nicolae_spider_entry_non_spiders
Lair:4:   layout_loops_ring, minmay_slime_entry_pillars,
          grunt_forest_stairs_basic, beast_lair_carwin_11, serial_bayou_shore_a
Lair:5:   minmay_lair_end_frog_pond, layout_regular_city, enter_volcano_2,
          gammafunk_ghost_split, nicolae_quartered_pool_super, uniq_josephine
Shoals:1: layout_shoals, lemuel_oklob_altar
Shoals:2: layout_shoals, uniq_polyphemus
Shoals:3: layout_shoals, portal_ice_cave_entry_pillars_four,
          nicolae_shoals_elemental_ambush, uniq_donald
Shoals:4: shoals_end_hellmonk_holy_island
Spider:1: layout_chambers
Spider:2: layout_spider_delve, hangedman_spider_tarantella_strand
Spider:3: layout_spider_delve, uniq_aizul, uniq_arachne, uniq_asterion
Spider:4: spider_rune_water
Orc:1:    layout_diamond_mine, basic_altar, serial_shops, shop, uniq_snorg
Orc:2:    kennysheep_orc_mage_school, layout_caves, serial_shops,
          nicolae_shop_hallway_plus
Elf:1:    layout_gridlike, minmay_elf_demonology, minmay_misc_feat_cross,
          serial_library_hellmonk_double_dead_end, uniq_louise
Elf:2:    nicolae_elf_blades_crystal_corner, layout_rooms,
          lightli_enter_wizlab_magi_temple
Vaults:1: ontoclasm_vaults_hangar, nicolae_vaults_double_plus_3, v_misc_5,
          v_pattern_2, v_misc_26, v_rooms_2,
          nicolae_vaults_door_testing_chamber, hangedman_vaults_impose,
          nicolae_vaults_heart-shaped_vault, vaults_dpeg_diagonal,
          vaults_room_ringed_pool, layout_vaults_ring, serial_shops, shop
Vaults:2: vaults_room_door_ring, nicolae_vaults_offset_grid_hallway_4,
          vaults_dpeg_emergency_exit, lightli_church_of_beogh,
          vaults_room_corners, vaults_room_fours, layout_vaults_quadrants,
          serial_shops, nicolae_shop_temple_entry_statues_fountains
Vaults:3: vaults_room_pools, grunt_vaults_trifunnel, v_misc_31,
          ontoclasm_vaults_pinch, door_vault, hangedman_vaults_nodes,
          nicolae_vaults_offset_grid_hallway_3, nicolae_vaults_more_shelving_2,
          ontoclasm_vaults_loading_screen, v_misc_18, ontoclasm_vaults_twist,
          vaults_room_pools, nicolae_vaults_sealed_display,
          layout_vaults_big_room, dummy_crypt_entry, serial_shops,
          nicolae_shop_stone, uniq_boris
Vaults:4: nicolae_vaults_three_branches, nicolae_vaults_stairing_the_circle,
          vaults_dpeg_spiral, nicolae_vaults_tetromino_Z_2,
          nicolae_vaults_network_quinsquares
          [nicolae_vaults_network_quincunx_subvault,
          nicolae_vaults_network_quincunx_subvault,
          nicolae_vaults_network_quincunx_subvault,
          nicolae_vaults_network_quincunx_subvault],
          kennysheep_ogre_elephant_herders, dpeg_vaults_monster_row,
          vaults_room_grunt_arrival_ludios, nicolae_vaults_heist,
          serial_library_hellmonk_big_corner, layout_vaults_omnibox,
          serial_shops, nicolae_shop_stone
Vaults:5: uniq_mara, uniq_jory, uniq_sojobo
Depths:1: layout_gridlike, abyss_entry, gammafunk_ghost_tricky_traps,
          grunt_metal_band, chequers_serial_rivers_small_b,
          minmay_misc_feat_more_columns, lemuel_freeze_loot_1, minmay_shop_grove
Depths:2: dreamdust_merry_men, layout_basic, enter_ziggurat_d,
          nicolae_benzene_ring, pan_entry, grunt_hell_entry_dis_grunt
Depths:3: grunt_deathspiral_large, layout_cave_pools, abyss_entry, hell_entry,
          minmay_misc_feat_ornament
Depths:4: lemuel_castle_with_subvaults [lemuel_castle_interior_carwin_3],
          layout_basic, pan_entry, ashenzari_altar_1,
          pf_vacation_house_of_asmodeus, abyss_entry, uniq_vv

Skill      XL: |  1  2  3  4  5  6  7  8  9 10 11 12 13 14 15 16 17 18 19 20 21 22 23 24 |
---------------+-------------------------------------------------------------------------+-----
Axes           | 4 |  4.4
Fighting       | 4 5 6 8 10 11 15 16 17 19 20 22 25 | 25.0
Long Blades    | 1 2 4 6 7 9 11 13 14 | 14.0
Armour         | 8 9 12 13 19 20 | 20.0
Shields        | 4 10 15 17 22 | 22.0
Dodging        | 5 10 13 16 20 21 22 25 | 25.2
Evocations     | 8 |  8.4
Throwing       | 2 6 7 8 10 14 | 14.0

Action                     |  1- 3 |  4- 6 |  7- 9 | 10-12 | 13-15 | 16-18 | 19-21 | 22-24 || total
---------------------------+-------+-------+-------+-------+-------+-------+-------+-------++-------
  Melee: Hand axe          |    40 |       |       |       |       |       |       |       ||    40
         Demon blade       |    35 |    70 |   273 |   616 |   989 |  1507 |  2108 |  1115 ||  6713
         Headbutt          |    12 |    14 |    47 |   187 |   274 |   476 |   771 |   514 ||  2295
         Punch             |       |       |     2 |       |       |       |       |       ||     2
         Scimitar          |       |       |       |       |    56 |   159 |    55 |   174 ||   444
         Unarmed           |       |       |       |       |       |       |    30 |       ||    30
  Throw: Boomerang         |       |     1 |    24 |    23 |   118 |   181 |       |       ||   347
         Javelin           |       |       |       |       |       |    43 |    42 |    14 ||    99
 Invoke: Berserk           |       |     1 |     4 |     3 |     1 |     2 |     3 |     4 ||    18
         Brothers in Arms  |       |       |       |     5 |     4 |    19 |     8 |     6 ||    42
         Trog's Hand       |       |       |       |     1 |     1 |     4 |     5 |     6 ||    17
  Evoke: Wand              |       |       |       |     9 |    11 |    10 |    14 |       ||    44
         Box of beasts     |       |       |       |     1 |     1 |     3 |     1 |     1 ||     7
         Condenser vane    |       |       |       |     1 |       |     4 |     2 |     1 ||     8
         Lightning rod     |       |       |       |       |     3 |       |     1 |       ||     4
         Phial of floods   |       |       |       |       |       |     1 |       |       ||     1
    Use: Scroll            |     6 |       |     8 |     6 |     7 |    18 |    14 |     9 ||    68
         Potion            |       |       |       |     7 |     3 |     8 |     4 |    21 ||    43
   Stab: Sleeping          |     1 |       |       |       |       |     2 |       |     1 ||     4
         Confused          |       |       |       |       |       |     3 |     1 |       ||     4
         Distracted        |       |       |       |       |       |     8 |     2 |     4 ||    14
 Armour: Animal skin       |    37 |     9 |       |       |       |   108 |    71 |       ||   225
         Scale mail        |       |    49 |   226 |    80 |    95 |    94 |       |       ||   544
         Chain mail        |       |       |       |   200 |   298 |    30 |       |       ||   528
         Crystal plate arm |       |       |       |       |       |   491 |   702 |   317 ||  1510
         Skin              |       |       |       |       |       |       |     8 |       ||     8
         Fire dragon scale |       |       |       |       |       |       |       |   121 ||   121
  Dodge: Dodged            |    52 |    42 |   152 |   185 |   312 |   564 |   890 |   573 ||  2770
  Block: Kite shield       |       |       |    10 |   295 |   714 |   491 |       |       ||  1510
         Reflection        |       |       |       |       |    29 |    73 |   123 |    58 ||   283
         Tower shield      |       |       |       |       |       |  1715 |  3289 |  1782 ||  6786
